 Dungeon Crawl Stone Soup version 0.18.1-48-g4cf74bf (webtiles) character file.

677 Slippy the Covert (level 7, 27/32 HPs)
             Began as a Spriggan Enchanter on July 21, 2016.
             Quit the game on level 4 of the Dungeon.
             The game lasted 00:21:22 (4440 turns).

Slippy the Covert (Spriggan Enchanter)              Turns: 4440, Time: 00:21:23

Health: 27/32      AC:  4    Str:  4    XL:     7   Next: 33%
Magic:  16/16      EV: 19    Int: 21    God:
Gold:   211        SH:  0    Dex: 17    Spells: 3 memorised, 10 levels left

rFire  . . .     SeeInvis +     a - +1 dagger
rCold  . . .     Gourm    .     b - +2 robe
rNeg   . . .     Faith    .     (shield restricted)
rPois  +         Spirit   .     (helmet restricted)
rElec  .         Dismiss  .     (no cloak)
rCorr  .         Reflect  .     (gloves unavailable)
SustAt .         Harm     .     (boots unavailable)
MR     +....                    (no amulet)
Stlth  ++++......               o - +3 ring of intelligence
                                g - ring of poison resistance

@: very quick, somewhat resistant to hostile enchantments, stealthy
A: unfitting armour, see invisible, herbivore 3, speed 3, slow metabolism 2
a: no special abilities


You were on level 4 of the Dungeon.
You were not hungry.

You visited 1 branch of the dungeon, and saw 4 of its levels.

You collected 211 gold pieces.

Inventory:

Hand Weapons
 a - a +1 dagger (weapon)
Missiles
 e - 16 poisoned needles
Armour
 b - a +2 robe (worn)
Jewellery
 g - a ring of poison resistance (left hand)
 o - a +3 ring of intelligence (right hand)
 r - an uncursed ring of fire
Wands
 v - a wand of random effects (21/48)
 x - a wand of polymorph (12/24)
Scrolls
 f - a scroll of enchant armour
 i - a scroll of teleportation
 p - a scroll of remove curse
 q - 2 scrolls of fog
 w - a scroll of identify
Potions
 j - a potion of cure mutation {unknown}
 k - 2 potions of curing {unknown}
 l - 2 potions of flight
 m - a potion of ambrosia {unknown}
 n - a potion of degeneration {unknown}
 t - a potion of lignification {unknown}
 z - a potion of haste {unknown}
Books
 c - a book of Maledictions

   Spells                             Type                      Level
   a - Corona                         Hexes                        1
   b - Ensorcelled Hibernation        Hexes/Ice                    2
   c - Confuse                        Hexes                        3
   d - Tukima's Dance                 Hexes                        3
   e - Dazzling Spray                 Conjuration/Hexes            3
 u - a book of Callings

   Spells                             Type                      Level
   a - Summon Small Mammal            Summoning                    1
   b - Call Imp                       Summoning                    2
   c - Call Canine Familiar           Summoning                    3
   d - Summon Guardian Golem          Hexes/Summoning              3
   e - Summon Lightning Spire         Summoning/Air                4
   f - Summon Ice Beast               Ice/Summoning                4
Comestibles
 d - 4 bread rations
 h - 9 fruits


   Skills:
 * Level 5.5 Short Blades
 + Level 4.2 Dodging
 + Level 8.1 Stealth
 - Level 5.4 Spellcasting
 - Level 3.6 Hexes


You had 10 spell levels left.
You knew the following spells:

 Your Spells              Type           Power        Failure   Level  Hunger
a - Corona                Hex            ###....      2%          1    None
b - Ensorcelled Hibernat  Hex/Ice        ##....       10%         2    None
c - Confuse               Hex            ###.....     10%         3    ##.....


Dungeon Overview and Level Annotations

Branches:
Dungeon (4/15)
 Temple: D:4-7

Altars:
Cheibriados
Fedhas
Makhleb
Okawaru
Sif Muna
Xom


Innate Abilities, Weirdness & Mutations

You are tiny and cannot use many weapons and most armour.
You have supernaturally acute eyesight.
You are a herbivore.
You cover ground extremely quickly.
You need consume almost no food.


Message History

You close the door.
As you open the door, it creaks loudly!
The orc wizard shouts! x2
The orc wizard gestures at you while chanting.
The magic dart hits you!
You close the door.
There is a deep blue altar of Sif Muna here.
Read which item? (? for menu, Esc to quit)
As you read the scroll labeled NOLORCHO YZESOF, it crumbles to dust.
You hear a loud clanging noise!
It was a scroll of noise.
Read which item? (? for menu, Esc to quit)
Okay, then.
Save game and exit?
Welcome back, Slippy the Spriggan Enchanter.
Press ? for a list of commands and other information.
Drink which item? (? for menu, Esc to quit)
You don't have any such object.
Drink which item? (? for menu, Esc to quit)
Okay, then.
Are you sure you want to abandon this character and quit the game? (Confirm with "yes".)

.......................####
#.####.###...........#.# #.#
#.รท##....#....#.#.##### #.#
##.##....#............#
#.#####..#....#.##.###.#.###
................##.# #.#.#
#.######......####.###.#.###
....#####.....##...........#
................@..###.#.###
#....#####....##.#.###.#.###
#....#####.................#
#.#................###.#####
........###...##...# #.#
............>......# #.#
......#.###...##...# #.#
#.#.###.###...##...# #.#
.......>......##..)# #.#


There were no monsters in sight!

Vanquished Creatures
  Duvessa (D:4)
  A sky beast (D:3)
  An ogre (D:4)
  The ghost of Slippy the Sneak, an amateur SpEn (D:3)
  Dowan (D:4)
  An orc priest (D:3)
  2 hounds
  Terence (D:3)
  A worker ant (D:4)
  8 adders
  A worm (D:2)
  5 dart slugs
  3 giant geckos
  8 orcs
  6 giant cockroaches
  10 hobgoblins
  6 jackals
  7 kobolds
  3 quokkas
  A ball python (D:4)
  6 bats
  3 giant newts
  5 goblins
  6 rats
  A butterfly (D:3)
89 creatures vanquished.

Notes
Turn   | Place    | Note
--------------------------------------------------------------
     0 | D:1      | Slippy the Spriggan Enchanter began the quest for the Orb.
     0 | D:1      | Reached XP level 1. HP: 9/9 MP: 5/5
   748 | D:1      | Reached XP level 2. HP: 12/13 MP: 7/7
   752 | D:1      | Learned a level 2 spell: Ensorcelled Hibernation
  1015 | D:1      | Reached skill level 5 in Stealth
  1154 | D:2      | Reached XP level 3. HP: 16/16 MP: 8/8
  1547 | D:2      | Reached XP level 4. HP: 17/21 MP: 4/10
  1728 | D:2      | Found an iron altar of Okawaru.
  1861 | D:2      | Reached skill level 6 in Stealth
  2131 | D:2      | Found a burning altar of Makhleb.
  2142 | D:2      | Learned a level 3 spell: Confuse
  2170 | D:3      | Reached XP level 5. HP: 24/24 MP: 12/12
  2293 | D:3      | Found a snail-covered altar of Cheibriados.
  2547 | D:3      | Noticed a sky beast
  2549 | D:3      | Noticed Terence
  2579 | D:3      | Killed Terence
  2594 | D:3      | Killed a sky beast
  2594 | D:3      | Reached skill level 7 in Stealth
  2594 | D:3      | Reached skill level 5 in Spellcasting
  2594 | D:3      | Reached XP level 6. HP: 28/28 MP: 2/14
  3092 | D:3      | Noticed Slippy's ghost (amateur SpEn)
  3099 | D:3      | Killed Slippy's ghost
  3111 | D:3      | Found a shimmering altar of Xom.
  3522 | D:4      | Noticed Dowan
  3534 | D:4      | Noticed Duvessa
  3538 | D:4      | Killed Dowan
  3538 | D:4      | Reached skill level 5 in Short Blades
  3538 | D:4      | Reached XP level 7. HP: 32/32 MP: 10/16
  3758 | D:4      | Found a deep blue altar of Sif Muna.
  3853 | D:4      | Found a blossoming altar of Fedhas.
  3882 | D:4      | Killed Duvessa
  3882 | D:4      | Reached skill level 8 in Stealth
  4440 | D:4      | Quit the game

Skill      XL: |  1  2  3  4  5  6  7 |
---------------+----------------------+-----
Spellcasting   | 3 4 5 |  5.4
Stealth        | 5 6 7 8 |  8.1
Short Blades   | 2 3 4 5 |  5.5
Dodging        | 4 |  4.2
Hexes          | |  3.6

Action                   |  1- 3 |  4- 6 |  7- 9 || total
-------------------------+-------+-------+-------++-------
Melee: Dagger            |    73 |   139 |    53 ||   265
 Cast: Ensorcelled Hiber |    14 |    36 |     2 ||    52
       Confuse           |       |     1 |     8 ||     9
  Use: Scroll            |       |     7 |     2 ||     9
 Stab: Sleeping          |    16 |    34 |     5 ||    55
       Distracted        |     2 |       |       ||     2
       Confused          |       |     1 |     2 ||     3
  Eat: Bread ration      |       |     1 |       ||     1
Armor: Robe              |     7 |    15 |     4 ||    26
Dodge: Dodged            |    46 |    90 |    29 ||   165
